Map: Domaine des dormeurs EC

Players

ShaDoWn

  • Race: Protoss Protoss
  • Spawn Location: 7:00

Creator - Winner!

  • Race: Protoss Protoss
  • Spawn Location: 1:00

Event: IEM Katowice 2020

VOD

Have the link to the VOD?

Description

Time

  • Played on: Feb. 24, 2020, 4:44 a.m.
  • Length: 10:19

All games in this series

Show
View Real Time Build Order
Export as new Build Order

ShaDoWn Protoss 

Build Orders: Zealot Archon 

Get SALT Encoding   

  12  0:00  Probe  
  13  0:12  Probe  
  14  0:17  Pylon  
  14  0:24  Probe (Chrono Boost)  
  15  0:37  Probe (Chrono Boost), Gateway  
  16  0:44  Probe (Chrono Boost)  
  16  0:46  Assimilator  
  17  0:51  Probe  
  17  0:54  Assimilator  
  18  1:03  Probe (Chrono Boost)  
  19  1:07  Gateway  
  19  1:12  Probe (Chrono Boost)  
  19  1:17  Probe (Chrono Boost)  
  20  1:24  Cybernetics Core  
  21  1:29  Probe  
  22  1:33  Pylon  
  22  1:41  Probe  
  23  1:53  Probe  
  24  2:01  Warp Gate, Stalker x2  
  28  2:13  Pylon  
  28  2:31  Stalker x2 (Chrono Boost)  
  32  2:47  Nexus  
  32  2:50  Probe  
  26  2:58  Stalker (Chrono Boost)  
  32  3:02  Probe  
  35  3:14  Probe  
  36  3:20  Shield Battery  
  36  3:26  Probe  
  34  3:37  Twilight Council  
  34  3:38  Probe  
  34  3:42  Shield Battery  
  34  3:50  Probe  
  34  3:51  Stalker x2  
  37  4:03  Probe  
  36  4:13  Probe (Chrono Boost)  
  36  4:14  Blink  
  38  4:19  Probe (Chrono Boost)  
  39  4:24  Probe (Chrono Boost)  
  39  4:27  Sentry  
  39  4:29  Probe x2 (Chrono Boost)  
  43  4:39  Probe (Chrono Boost)  
  43  4:44  Probe (Chrono Boost)  
  45  4:50  Probe (Chrono Boost)  
  45  4:53  Probe (Chrono Boost)  
  45  4:59  Probe  
  42  5:03  Stalker x2  
  42  5:04  Probe  
  44  5:11  Probe (Chrono Boost)  
  42  5:20  Probe (Chrono Boost)  
  43  5:23  Probe (Chrono Boost)  
  45  5:29  Stalker  
  45  5:30  Stalker  
  45  5:31  Probe x2 (Chrono Boost)  
  50  5:40  Probe (Chrono Boost)  
  50  5:42  Robotics Facility  
  52  5:43  Probe (Chrono Boost)  
  52  5:47  Probe (Chrono Boost)  
  54  5:50  Probe (Chrono Boost)  
  54  5:51  Assimilator  
  54  6:04  Pylon  
  54  6:06  Assimilator  
  54  6:09  Pylon  
  54  6:22  Probe x2  
  56  6:26  Nexus  
  56  6:28  Templar Archives  
  56  6:34  Probe x2  
  56  6:36  Zealot x2  
  62  6:46  Probe  
  62  6:48  Probe  
  59  6:56  Pylon  
  59  6:58  Probe  
  59  7:00  Probe  
  61  7:03  Pylon  
  61  7:07  Pylon  
  61  7:10  Probe  
  61  7:11  Charge  
  61  7:14  Probe, Forge  
  63  7:16  High Templar x2  
  67  7:24  Archon  
  67  7:30  Gateway  
  67  7:31  Gateway  
  67  7:32  Gateway  
  67  7:37  Probe (Chrono Boost)  
  67  7:42  Probe (Chrono Boost)  
  67  7:44  Probe (Chrono Boost)  
  70  7:49  Probe (Chrono Boost), Robotics Bay  
  70  7:51  High Templar x2  
  74  7:53  Probe (Chrono Boost)  
  74  7:54  Shield Battery  
  74  7:55  Archon  
  76  7:59  Probe  
  76  8:04  Probe  
  78  8:12  Probe x2  
  76  8:20  Photon Cannon  
  76  8:23  High Templar x2  
  76  8:24  Probe x2  
  76  8:25  Zealot  
  84  8:28  Archon  
  84  8:33  Disruptor (Chrono Boost)  
  84  8:36  Probe  
  84  8:40  Zealot x2  
  92  8:45  Pylon  
  92  8:46  Pylon  
  92  8:47  Pylon  
  92  8:48  Pylon  
  86  9:02  High Templar x2, Zealot x2  
  79  9:05  Pylon  
  79  9:06  Archon  
  79  9:14  Disruptor (Chrono Boost)  
  79  9:15  Probe (Chrono Boost)  
  78  9:17  Assimilator x2  
  82  9:24  Probe (Chrono Boost)  
  82  9:25  Gateway  
  82  9:26  Gateway  
  82  9:28  Gateway  
  82  9:40  Warp Prism (Chrono Boost), Stalker x2  
  88  10:01  Pylon x2  
  88  10:02  Pylon  
Show
View Real Time Build Order
Export as new Build Order

Creator Protoss - Winner!

Build Orders: Oracle Opening, Zealot Archon 

Get SALT Encoding   

  12  0:00  Probe  
  13  0:12  Probe  
  14  0:17  Pylon  
  14  0:24  Probe (Chrono Boost)  
  15  0:36  Probe (Chrono Boost)  
  15  0:37  Gateway  
  16  0:44  Probe (Chrono Boost)  
  16  0:45  Assimilator  
  17  0:51  Probe  
  17  0:53  Assimilator  
  18  1:03  Probe (Chrono Boost)  
  19  1:07  Gateway  
  19  1:13  Probe (Chrono Boost)  
  19  1:18  Probe (Chrono Boost)  
  20  1:24  Cybernetics Core  
  21  1:29  Probe  
  22  1:34  Pylon  
  22  1:41  Probe  
  23  1:53  Probe  
  24  2:00  Stargate  
  24  2:04  Adept x2  
  24  2:08  Warp Gate  
  28  2:18  Probe, Pylon  
  29  2:34  Adept  
  29  2:36  Adept  
  33  2:41  Oracle (Chrono Boost)  
  35  3:16  Nexus  
  35  3:18  Probe  
  36  3:25  Pylon  
  36  3:33  Pylon  
  32  3:42  Robotics Facility  
  32  3:43  Probe (Chrono Boost)  
  33  3:55  Probe (Chrono Boost)  
  34  3:57  Stalker  
  36  4:03  Pylon  
  36  4:04  Stalker  
  36  4:07  Probe  
  35  4:21  Stalker  
  35  4:23  Shield Battery  
  37  4:27  Stalker  
  39  4:36  Immortal (Chrono Boost)  
  43  4:53  Stalker  
  43  4:54  Stalker  
  43  4:59  Shield Battery  
  45  5:01  Probe  
  45  5:02  Probe  
  47  5:14  Immortal (Chrono Boost)  
  47  5:19  Probe (Chrono Boost)  
  52  5:23  Probe (Chrono Boost)  
  52  5:28  Sentry  
  55  5:31  Probe (Chrono Boost)  
  55  5:35  Probe (Chrono Boost)  
  57  5:36  Twilight Council  
  57  5:39  Probe (Chrono Boost)  
  57  5:40  Probe (Chrono Boost)  
  59  5:44  Pylon  
  59  5:45  Probe  
  59  5:46  Observer  
  59  5:47  Probe  
  62  5:55  Assimilator  
  62  5:57  Probe  
  62  5:58  Assimilator  
  62  6:00  Probe  
  62  6:02  Charge  
  64  6:09  Probe  
  65  6:12  Probe  
  65  6:15  Gateway  
  65  6:16  Gateway  
  66  6:21  Probe  
  66  6:24  Probe  
  68  6:53  Templar Archives, Warp Prism (Chrono Boost)  
  64  6:56  Gateway x3  
  64  6:59  Gateway  
  66  7:03  Zealot x2  
  66  7:05  Pylon  
  70  7:14  Zealot x2  
  74  7:17  Pylon  
  74  7:19  Pylon  
  74  7:24  Zealot x2  
  78  7:35  High Templar x2  
  82  7:39  Archon  
  82  7:40  Pylon  
  82  7:42  Pylon  
  83  7:47  High Templar x2  
  86  7:51  High Templar  
  86  7:52  High Templar, Archon  
  86  7:56  Archon  
  86  7:57  Zealot x3  
  96  8:05  Pylon  
  96  8:06  Pylon  
  96  8:17  Zealot  
  96  8:18  High Templar x2, Zealot  
  96  8:19  Zealot  
  103  8:20  Zealot  
  103  8:23  Archon  
  103  8:24  Zealot x2  
  109  8:43  Zealot x3  
  109  8:44  Zealot x4  
  121  8:56  Zealot  
  117  9:04  High Templar x2  
  117  9:07  Zealot  
  117  9:08  Archon  
  117  9:09  Forge  
  123  9:14  Stargate  
  117  9:18  Immortal (Chrono Boost), Observer  
  121  9:26  Sentry  
  123  9:45  Photon Cannon  
  123  9:46  Photon Cannon  
  121  9:58  Phoenix (Chrono Boost)  
  121  9:59  Zealot x4  
  131  10:08  High Templar  
  131  10:11  Pylon  
  131  10:12  Pylon  

Tags
 
Add a new tag
Caveats
  • Supply blocks, unpowered buildings, or Contaminate may cause inaccurate times.
  • Supply counts are checked every 10 seconds.